 Dungeon Crawl Stone Soup version 0.28-a0-998-gb9e9c7b67e (webtiles) character file.

Game seed: 1524299121001716337

55 DrunkBamboolord the Skirmisher (level 3, -3/31 HPs)
             Began as a Palentonga Fighter on Dec 6, 2021.
             Succumbed to a scorpion's poison
             ... on level 3 of the Dungeon.
             The game lasted 00:04:20 (1921 turns).

DrunkBamboolord the Skirmisher (Palentonga Fighter) Turns: 1921, Time: 00:04:21

Health: -3/31      AC:  6    Str: 21    XL:     3   Next: 67%
Magic:  3/3        EV:  7    Int:  8    God:
Gold:   36         SH:  4    Dex:  9    Spells: 2/2 levels left

rFire   . . .      SeeInvis +   a - +0 war axe
rCold   . . .      Faith    .   c - +0 buckler
rNeg    . . .      Spirit   .   b - +0 scale mail
rPois   .          Reflect  .   (no helmet)
rElec   .          Harm     .   (no cloak)
rCorr   .          Rampage  .   (no gloves)
Will    .....                   (no barding)
Stlth   ..........              (no amulet)
HPRegen 0.10/turn               (no ring)
MPRegen 0.08/turn               (no ring)

@: lethally poisoned (-3 -> -20)
A: large, rugged brown scales 3, see invisible, deformed body, roll 1, armoured
tail
a: Rolling Charge


You were on level 3 of the Dungeon.
You visited 1 branch of the dungeon, and saw 3 of its levels.

You collected 36 gold pieces.

Inventory:

Hand Weapons
 a - a +0 war axe (weapon)
Missiles
 i - 6 curare-tipped darts
Armour
 b - a +0 scale mail (worn)
 c - a +0 buckler (worn)
Scrolls
 g - a scroll of enchant weapon {unknown}
 h - a scroll of teleportation
Potions
 d - a potion of might
 e - a potion of cancellation {unknown}
 f - a potion of curing {unknown}


   Skills:
 * Level 3.4 Fighting
 * Level 2.9 Axes
 * Level 2.8 Armour
 * Level 2.6 Shields


You had 2 spell levels left.
You didn't know any spells.
Your spell library contained the following spells:

 Spells                   Type           Power      Damage    Failure   Level
 Gell's Gravitas          Tloc           0%         N/A       98%         3
 Teleport Other           Tloc           0%         N/A       98%         3
 Dispersal                Tloc           0%         N/A       100%        6


Dungeon Overview and Level Annotations

Branches:
Dungeon (3/15)

Altars:


Innate Abilities, Weirdness & Mutations

You are completely covered in rugged brown scales. (AC +3, +7% HP)
You have supernaturally acute eyesight. (SInv)
Armour fits poorly on your strangely shaped body.
You can roll at nearby foes to attack.
You have a long armoured tail.


Message History

There is a stone staircase leading down here.
You climb downwards.
There is a stone staircase leading up here.
A quokka is nearby!
Roll where?
Press: ? - help, Q - select action, (/) - cycle Dir - move target, f - quokka
Aim: a quokka You roll forward with a clatter of scales!
Found a leather armour.
You hit the quokka.
You kill the quokka!
g - a scroll labelled TAWICRYUMIG You see here a +0 leather armour.
A scorpion comes into view.
Roll where?
Press: ? - help, Q - select action, (/) - cycle Dir - move target, f - scorpion
Aim: a scorpion You roll forward with a clatter of scales!
You hit the scorpion.
The scorpion is moderately wounded.
The scorpion stings you.
You closely miss the scorpion.
You tail-slap the scorpion, but do no damage.
The scorpion is moderately wounded.
The scorpion stings you.
You are poisoned.
The scorpion poisons you! The scorpion stings you!
You hit the scorpion.
Your tail-slap misses the scorpion.
The scorpion is moderately wounded.
You feel very sick. The scorpion stings you.
You are lethally poisoned!
The scorpion poisons you! The scorpion stings you.
You closely miss the scorpion.
Your tail-slap misses the scorpion.
The scorpion is moderately wounded.
* * * LOW HITPOINT WARNING * * *
You feel extremely sick. The scorpion stings you.
* * * LOW HITPOINT WARNING * * *
You die...

..# #.# #.# +# ...
###.##### #.#
######<......# #.#
#........###.# #s#
#^####....##.#
#.####[####.......#
#.@...............#
######.####.......#
#.............
#######.....##
#######


You could see a scorpion.

Vanquished Creatures
  2 adders (D:2)
  A worm (D:2)
  A dart slug (D:2)
  5 ball pythons
  4 endoplasms
  2 giant cockroaches
  3 goblins
  A hobgoblin (D:2)
  3 kobolds (D:2)
  A quokka (D:3)
  3 bats
  7 rats
33 creatures vanquished.

Notes
Turn   | Place    | Note
-------+----------+-------------------------------------------
     0 | D:1      | DrunkBamboolord the Palentonga Fighter began the quest for
                  | the Orb.
     0 | D:1      | Reached XP level 1. HP: 19/19 MP: 1/1
   530 | D:1      | Reached XP level 2. HP: 17/25 MP: 2/2
   763 | D:1      | Found a faded altar of an unknown god.
  1128 | D:2      | Reached XP level 3. HP: 30/31 MP: 3/3
  1916 | D:3      | Noticed a scorpion
  1920 | D:3      | HP: 1/31 [scorpion (4)]
  1921 | D:3      | Succumbed to a scorpion's poison

Illustrated notes

Levels and vault maps discovered:
D:1:      mrwooster_arrival_statue_2, layout_loops_ring,
          shapermc_ecumenical_altar_mp_vishouse, kennysheep_small_spiral
D:2:      layout_loops_ring
D:3:      layout_loops_corners, minmay_misc_feat_tiny

Action                   || total
-------------------------++-------
Melee: War axe           ||    93
       Tailslap          ||     9
 Abil: Rolling Charge    ||    30
  Use: Scroll            ||     2
Armor: Scale mail        ||    44
Dodge: Dodged            ||    27
Block: Buckler           ||    12

Table legend: (Time is in decaauts)
 A = Elapsed time spent in this place.
 B = Non-inter-level travel time spent in this place.
 C = Inter-level travel time spent in this place.
 D = Time resting spent in this place.
 E = Time spent auto-exploring this place.
 F = Levels seen in this place.
 G = Mean time per level.
                   A        B        C        D        E       F      G
               +--------+--------+--------+--------+--------+-----+--------+
         Total |   1956 |   1862 |     94 |      0 |   1615 |   3 |  652.0 |
       Dungeon |   1956 |   1862 |     94 |      0 |   1615 |   3 |  652.0 |
               +--------+--------+--------+--------+--------+-----+--------+

Top non-repeatable levels by time:
     D:2: 986 daAuts
     D:1: 947 daAuts
     D:3: 22 daAuts
